 Dungeon Crawl Stone Soup version 0.28-a0-43-g560ac104fe (webtiles) character file.

Game seed: 5655691108079291932

41159 MirrMurr the Thrower (level 14, -7/104 (110) HPs)
             Began as a Gnoll Hunter on July 28, 2021.
             Was a High Priest of Okawaru.
             Mangled by an entropy weaver simulacrum (12 damage)
             ... in an ice cave.
             The game lasted 00:52:01 (19735 turns).

MirrMurr the Thrower (Gnoll Hunter)                Turns: 19735, Time: 00:52:02

HP:   -7/104 (110)  AC: 19    Str: 18    XL:     14   Next: 14%
MP:   27/27         EV: 13    Int: 26    God:    Okawaru [*****.]
Gold: 529           SH: 16    Dex: 14    Spells: 18/31 levels left

rFire   . . .      SeeInvis +   a - +3 demon whip
rCold   + + .      Faith    .   n - +0 tower shield {rC+}
rNeg    + . .      Spirit   .   L - +0 steam dragon scales
rPois   +          Reflect  .   o - +2 helmet
rElec   +          Harm     .   C - +2 cloak {rPois}
rCorr   .          Rampage  .   j - +1 pair of gloves
Will    +....                   S - +2 pair of boots {Stlth+}
Stlth   +++++.....              G - amulet of regeneration
HPRegen 1.27/turn               b - ring "Denikkuz" {rElec Str+4 Int+6 Dex+2}
MPRegen 0.20/turn               x - ring "Giejen" {rC+ rN+ Int+6 SInv}

@: drained
A: fangs 1, strong nose, distributed training
a: Renounce Religion, Heroism, Finesse


You were in an ice cave.
You worshipped Okawaru.
Okawaru was extremely pleased with you.
You visited 3 branches of the dungeon, and saw 16 of its levels.
You also visited: Bailey and Ice Cave.

You collected 732 gold pieces.
You spent 203 gold pieces at shops.

Inventory:

Hand Weapons
 a - a +3 demon whip (weapon)
 s - a +1 spear of pain
 w - a +0 short sword
Missiles
 c - 9 javelins
 d - 2 throwing nets
 g - 12 silver javelins
 m - 3 boomerangs (quivered)
 p - 362 stones
 t - 52 poisoned darts
 y - 68 sling bullets
Armour
 j - a +1 pair of gloves (worn)
 n - a +0 tower shield of cold resistance (worn)
 o - a +2 helmet (worn)
 C - a +2 cloak of poison resistance (worn)
 L - +0 steam dragon scales (worn)
 S - a +2 pair of boots of stealth (worn)
Jewellery
 b - the ring "Denikkuz" (left hand) {rElec Str+4 Int+6 Dex+2}
   (You acquired it on level 5 of the Dungeon)

   [ring of intelligence]

   Str:       It affects your strength (+4).
   Int:       It affects your intelligence (+6).
   Dex:       It affects your dexterity (+2).
   rElec:     It insulates you from electricity.
 x - the ring "Giejen" (right hand) {rC+ rN+ Int+6 SInv}
   (You acquired it on level 6 of the Dungeon)

   [ring of intelligence]

   Int:       It affects your intelligence (+6).
   rC:        It protects you from cold.
   rN:        It protects you from negative energy.
   SInv:      It lets you see invisible.
 z - a ring of flight
 A - a ring of wizardry
 G - an amulet of regeneration (around neck)
 M - a ring of positive energy
 P - a +6 ring of strength
Wands
 D - a wand of iceblast (21)
 I - a wand of flame (30)
 K - a wand of acid (12)
 N - a wand of polymorph (25)
 O - a wand of paralysis (9)
Scrolls
 f - 5 scrolls of teleportation
 i - 6 scrolls of identify
 r - 3 scrolls of magic mapping
 E - 2 scrolls of fear
 R - 2 scrolls of fog
Potions
 e - a potion of cancellation
 h - 5 potions of curing
 k - 4 potions of lignification
 l - 6 potions of attraction
 v - 5 potions of flight
 B - 2 potions of mutation
 F - 4 potions of haste
 J - a potion of resistance
 Q - a potion of invisibility


   Skills:
 + Level 10.0 Fighting
 + Level 9.0 Short Blades
 + Level 9.0 Long Blades
 + Level 9.0 Axes
 + Level 9.0 Maces & Flails
 + Level 9.0 Polearms
 + Level 9.0 Staves
 + Level 9.0 Slings
 + Level 9.0 Bows
 + Level 9.0 Crossbows
 + Level 12.0 Throwing
 + Level 9.0 Armour
 + Level 10.0 Dodging
 + Level 9.3 Stealth
 + Level 9.0 Shields
 + Level 9.0 Unarmed Combat
 + Level 9.0 Spellcasting
 + Level 7.4 Conjurations
 + Level 7.4 Hexes
 + Level 7.4 Summonings
 + Level 7.4 Necromancy
 + Level 7.4 Translocations
 + Level 7.4 Transmutations
 + Level 7.4 Fire Magic
 + Level 7.4 Ice Magic
 + Level 7.4 Air Magic
 + Level 7.4 Earth Magic
 + Level 7.4 Poison Magic
 + Level 9.7 Invocations
 + Level 9.0 Evocations


You had 18 spell levels left.
You knew the following spells:

 Your Spells              Type           Power      Damage    Failure   Level
a - Poisonous Vapours     Pois/Air       100%       N/A       2%          2
b - Confusing Touch       Hex            50%        N/A       5%          3
c - Frozen Ramparts       Ice            100%       1d12      5%          3
v - Summon Mana Viper     Hex/Summ       50%        N/A       45%         5

Your spell library contained the following spells:

 Spells                   Type           Power      Damage    Failure   Level
 Corpse Rot               Necr/Air       N/A        N/A       2%          2
 Slow                     Hex            50%        N/A       2%          2
 Sublimation of Blood     Necr           25%        N/A       2%          2
 Ice Form                 Ice/Tmut       50%        N/A       19%         4
 Petrify                  Tmut/Erth      50%        N/A       19%         4
 Summon Ice Beast         Ice/Summ       50%        N/A       19%         4
 Freezing Cloud           Conj/Ice/Air   25%        6-21      45%         5
 Irradiate                Conj/Tmut      25%        3d21      45%         5
 Yara's Violent Unravell  Hex/Tmut       25%        3d11      45%         5
 Conjure Ball Lightning   Conj/Air       25%        3x3d7     96%         6
 Monstrous Menagerie      Summ           25%        N/A       100%        7
 Discord                  Hex            25%        N/A       100%        8
 Disjunction              Tloc           25%        N/A       100%        8


Dungeon Overview and Level Annotations

Branches:
Dungeon (11/15)            Temple (1/1) D:7            Lair (4/6) D:9
 Spider (0/4) Lair:3          Orc (0/2) D:9          Bailey (visited)
  IceCv (1/1)
  Swamp: Lair:2-4    Shoals: Lair:2-4

Altars:
Ashenzari
Cheibriados
Dithmenos
Elyvilon
Fedhas
Gozag
Hepliaklqana
Kikubaaqudgha
Makhleb
Nemelex Xobeh
Okawaru
Qazlal
Ru
Sif Muna
Trog
Uskayaw
Vehumet
Wu Jian
Xom
Yredelemnul
Zin
The Shining One

Shops:
D:3 [   D:4 ([[   D:7 (   D:11 [*

Annotations:
D:8 exclusion: 3 oklob plants
D:9 3 runed translucent doors, micdi's ghost, novice DECj
D:10 1 runed translucent door, Tutankhamun's ghost, novice SpBr
Lair:1 exclusion: oklob plant
Lair:2 2 transporters


Innate Abilities, Weirdness & Mutations

You have very sharp teeth.
Your uncanny sense of smell can sniff out nearby items.
Your experience applies equally to all skills.


Message History

You feel better.
You block the entropy weaver simulacrum's attack.
The entropy weaver simulacrum closely misses you.
The entropy weaver simulacrum misses you.
You block the entropy weaver simulacrum's attack.
The necromancer points at you and mumbles some strange words.
The bolt of negative energy hits the entropy weaver simulacrum.
The entropy weaver simulacrum completely resists.
The bolt of negative energy hits you! You partially resist.
You feel drained.
* * * LOW HITPOINT WARNING * * *
You feel better.
You block the entropy weaver simulacrum's attack.
The entropy weaver simulacrum hits you.
* * * LOW HITPOINT WARNING * * *
The entropy weaver simulacrum freezes you!
You resist.
* * * LOW HITPOINT WARNING * * *
The entropy weaver simulacrum closely misses you.
The entropy weaver simulacrum barely misses you.
You barely miss the entropy weaver simulacrum.
Your bite misses the entropy weaver simulacrum.
The entropy weaver simulacrum is heavily damaged.
The entropy weaver simulacrum misses you.
The entropy weaver simulacrum hits you but does no damage.
The entropy weaver simulacrum barely misses you.
The entropy weaver simulacrum hits you but does no damage.
You whack the entropy weaver simulacrum!
The entropy weaver simulacrum is severely damaged.
You block the entropy weaver simulacrum's attack.
The entropy weaver simulacrum hits you but does no damage.
The entropy weaver simulacrum hits you.
* * * LOW HITPOINT WARNING * * *
The entropy weaver simulacrum freezes you!
You resist.
* * * LOW HITPOINT WARNING * * *
The entropy weaver simulacrum hits you.
* * * LOW HITPOINT WARNING * * *
The entropy weaver simulacrum freezes you!
You resist.
You die...

#### ##### ###### ##.##
##...## #####.W..######ZW.4
##..∩..##
###..Z.Z#..Z.##...#.#
#.......#
#.ZZ#..#####W.4.#####
#...∩...# ##pZ#### ###.## #^
##.....#########@.## ### #..
##...###§§§####...### #...
##...##○§§#.#.......#### #...
#...##...§§§°........=[# #...#
#...###..○##..........[# ##..
##...#....##........8#########
##....○.###........## ##...##
##..##.##..###.....###.....##
##..#####..########..#..###..#


You could see a necromancer, an elephant simulacrum, a polar bear simulacrum and
an entropy weaver simulacrum.

Vanquished Creatures
  Snorg (Lair:3)
  Harold (D:7)
  Fannar (D:10)
  An ice dragon (Lair:4)
  3 hydras
  Erica (D:9)
  3 two-headed ogres
  A catoblepas (Lair:3)
  7 death yaks
  Urug (Lair:3)
  Pikel (D:9)
  3 slime creatures (D:10)
  A manticore (D:11)
  Maurice (D:9)
  A black mamba (Lair:3)
  An ice statue (IceCv)
  Maggie (D:10)
  3 cane toads
  A rime drake (Lair:2)
  4 komodo dragons
  15 ice devils (IceCv)
  3 anaconda simulacra (IceCv)
  A freezing wraith (IceCv)
  A troll (D:11)
  3 polar bears (Lair:4)
  15 blink frogs
  2 dire elephant simulacra (IceCv)
  41 yaks
  Grum (D:9)
  4 wyverns
  A basilisk (Lair:3)
  4 vampire mosquitoes (D:11)
  A harpy simulacrum (IceCv)
  2 steam dragons
  2 death yak simulacra (IceCv)
  3 water moccasins
  6 orc warriors
  A sky beast (D:7)
  A necrophage (D:5)
  3 black bears
  2 ogres
  19 wolves
  A phantom (D:7)
  4 centaurs
  3 lemures
  9 bullfrogs
  A kobold brigand (D:8)
  5 cane toad simulacra (IceCv)
  A water moccasin zombie (D:5)
  3 water moccasin skeletons
  6 elephant simulacra (IceCv)
  5 killer bees (D:7)
  3 electric eels
  4 howler monkeys
  3 centaur zombies
  A jelly (D:6)
  2 hounds
  9 orc priests
  A bullfrog skeleton (D:6)
  3 gnoll shamans
  2 iguanas
  10 orc wizards
  2 troll simulacra (IceCv)
  3 wolf simulacra (IceCv)
  A killer bee zombie (D:9)
  2 polar bear simulacra (IceCv)
  2 hound zombies (D:5)
  Robin (D:2)
  11 gnolls
  3 naga simulacra (IceCv)
  4 adders
  A shadow imp (D:8)
  4 white imps
  2 ufetubi
  3 dart slugs
  30 orcs
  7 endoplasms
  3 giant cockroaches
  12 goblins
  12 hobgoblins
  4 jackals
  10 kobolds
  2 quokkas
  5 ball pythons
  4 bats (D:1)
  3 frilled lizards
  5 rats
380 creatures vanquished.

Vanquished Creatures (others)
  An orc wizard (D:9)
  6 fungi (Lair:2)
  10 plants
17 creatures vanquished.

Grand Total: 397 creatures vanquished

Notes
Turn   | Place    | Note
-------+----------+-------------------------------------------
     0 | D:1      | MirrMurr the Gnoll Hunter began the quest for the Orb.
     0 | D:1      | Reached XP level 1. HP: 20/20 MP: 1/1
   202 | D:1      | Reached XP level 2. HP: 23/26 MP: 2/2
   750 | D:1      | Reached XP level 3. HP: 17/31 MP: 3/3
  1664 | D:2      | Noticed Robin
  1668 | D:2      | Reached skill level 1 in Invocations
  1898 | D:2      | Killed Robin
  1899 | D:2      | Reached skill level 1 in Short Blades
  1899 | D:2      | Reached skill level 1 in Long Blades
  1899 | D:2      | Reached skill level 1 in Axes
  1899 | D:2      | Reached skill level 1 in Maces & Flails
  1899 | D:2      | Reached skill level 1 in Polearms
  1899 | D:2      | Reached skill level 1 in Staves
  1899 | D:2      | Reached skill level 1 in Slings
  1899 | D:2      | Reached skill level 1 in Bows
  1899 | D:2      | Reached skill level 1 in Crossbows
  1899 | D:2      | Reached skill level 1 in Armour
  1899 | D:2      | Reached skill level 1 in Shields
  1899 | D:2      | Reached skill level 1 in Unarmed Combat
  1899 | D:2      | Reached skill level 1 in Spellcasting
  1899 | D:2      | Reached skill level 1 in Evocations
  1899 | D:2      | Reached XP level 4. HP: 36/38 MP: 5/5
  2401 | D:2      | Reached skill level 1 in Conjurations
  2401 | D:2      | Reached skill level 1 in Hexes
  2401 | D:2      | Reached skill level 1 in Summonings
  2401 | D:2      | Reached skill level 1 in Necromancy
  2401 | D:2      | Reached skill level 1 in Translocations
  2401 | D:2      | Reached skill level 1 in Transmutations
  2401 | D:2      | Reached skill level 1 in Fire Magic
  2401 | D:2      | Reached skill level 1 in Ice Magic
  2401 | D:2      | Reached skill level 1 in Air Magic
  2401 | D:2      | Reached skill level 1 in Earth Magic
  2401 | D:2      | Reached skill level 1 in Poison Magic
  2737 | D:3      | Noticed a +0 short sword
  2738 | D:3      | Noticed a +0 dagger
  2739 | D:3      | Noticed a +0 falchion
  2739 | D:3      | Noticed a +0 spear
  2740 | D:3      | Noticed a +0 falchion
  2740 | D:3      | Noticed a +0 spear
  2740 | D:3      | Noticed a +0 dagger
  2740 | D:3      | Noticed a +0 short sword
  2780 | D:3      | Found a hide-covered altar of Uskayaw.
  2841 | D:3      | Found a burning altar of Makhleb.
  2841 | D:3      | Found a bloodstained altar of Trog.
  2911 | D:3      | Found Tickal's Armour Emporium.
  2914 | D:3      | Found a faded altar of an unknown god.
  3069 | D:3      | Found an ancient bone altar of Kikubaaqudgha.
  3170 | D:4      | Found Giniroh's Weapon Boutique.
  3174 | D:4      | Identified the +0 war axe of Classification {freeze,
                  | *Corrode rElec Will+ Int+2}
  3203 | D:4      | Reached XP level 5. HP: 29/43 MP: 5/7
  3584 | D:4      | Reached XP level 6. HP: 11/50 MP: 8/8
  3934 | D:4      | Reached skill level 5 in Fighting
  3934 | D:4      | Reached skill level 5 in Dodging
  4382 | D:4      | Found Ovvimuek's Antique Armour Emporium.
  4412 | D:4      | Found Qosmiub's Antique Armour Shoppe.
  5202 | D:5      | Entered Level 5 of the Dungeon
  5205 | D:5      | Reached XP level 7. HP: 56/56 MP: 10/10
  5206 | D:5      | Identified a scroll of acquirement
  5206 | D:5      | Acquired the ring "Denikkuz" {rElec Str+4 Int+6 Dex+2}
  5979 | D:5      | Reached skill level 9 in Throwing
  6074 | D:5      | Reached XP level 8. HP: 60/63 MP: 12/12
  6690 | D:6      | Found a shimmering blue altar of Sif Muna.
  7171 | D:6      | Acquired the ring "Giejen" {rC+ rN+ Int+6 SInv}
  7763 | D:7      | Reached XP level 9. HP: 69/69 MP: 14/14
  7813 | D:7      | Found a stormy altar of Qazlal.
  7815 | D:7      | Found a shimmering altar of Xom.
  7919 | D:7      | Learned a level 2 spell: Poisonous Vapours
  8229 | D:3      | Bought a +2 cloak of poison resistance for 203 gold pieces
  8602 | D:7      | Reached skill level 5 in Stealth
  8915 | D:7      | Found a staircase to the Ecumenical Temple.
  8924 | Temple   | Entered the Ecumenical Temple
  9145 | Temple   | Became a worshipper of Warmaster Okawaru
  9380 | D:7      | Found Tadotomi's Antique Weapon Boutique.
  9701 | D:8      | Found a white marble altar of Elyvilon.
  9953 | D:8      | Reached skill level 5 in Invocations
  9996 | D:8      | Noticed an oklob plant
 10035 | D:8      | Found a flagged portal.
 10043 | Bailey   | Entered a bailey
 10043 | Bailey   | Noticed an orc knight
 10060 | Bailey   | Noticed an orc knight
 10445 | D:8      | Noticed Harold
 10496 | D:7      | Killed Harold
 10496 | D:7      | Reached * piety under Okawaru
 10497 | D:7      | Reached XP level 10. HP: 48/77 MP: 15/17
 10810 | D:8      | Reached skill level 5 in Short Blades
 10810 | D:8      | Reached skill level 5 in Long Blades
 10810 | D:8      | Reached skill level 5 in Axes
 10810 | D:8      | Reached skill level 5 in Maces & Flails
 10810 | D:8      | Reached skill level 5 in Polearms
 10810 | D:8      | Reached skill level 5 in Staves
 10810 | D:8      | Reached skill level 5 in Slings
 10810 | D:8      | Reached skill level 5 in Bows
 10810 | D:8      | Reached skill level 5 in Crossbows
 10810 | D:8      | Reached skill level 5 in Armour
 10810 | D:8      | Reached skill level 5 in Shields
 10810 | D:8      | Reached skill level 5 in Unarmed Combat
 10810 | D:8      | Reached skill level 5 in Spellcasting
 10810 | D:8      | Reached skill level 5 in Evocations
 10839 | D:8      | Reached ** piety under Okawaru
 10850 | D:8      | Reached skill level 10 in Throwing
 11011 | D:8      | Found an opulent altar of Gozag.
 11049 | D:8      | Learned a level 3 spell: Confusing Touch
 11071 | D:8      | Noticed an oklob plant
 11174 | D:8      | Noticed an oklob plant
 11321 | D:9      | Noticed Pikel
 11369 | D:9      | Noticed a death yak
 11374 | D:9      | Noticed a death yak
 11412 | D:8      | Killed a death yak
 11457 | D:9      | Noticed a death yak
 11457 | D:9      | Noticed a death yak
 11459 | D:9      | Noticed a death yak
 11542 | D:9      | Killed Pikel
 11612 | D:9      | Found a staircase to the Lair.
 11643 | D:9      | Noticed a death yak
 11654 | D:9      | Noticed a death yak
 11660 | D:9      | Killed a death yak
 11710 | D:8      | Killed a death yak
 11710 | D:8      | Reached *** piety under Okawaru
 11711 | D:8      | Reached XP level 11. HP: 49/84 MP: 17/19
 11796 | D:9      | Killed a death yak
 11797 | D:9      | Reached skill level 5 in Conjurations
 11797 | D:9      | Reached skill level 5 in Hexes
 11797 | D:9      | Reached skill level 5 in Summonings
 11797 | D:9      | Reached skill level 5 in Necromancy
 11797 | D:9      | Reached skill level 5 in Translocations
 11797 | D:9      | Reached skill level 5 in Transmutations
 11797 | D:9      | Reached skill level 5 in Fire Magic
 11797 | D:9      | Reached skill level 5 in Ice Magic
 11797 | D:9      | Reached skill level 5 in Air Magic
 11797 | D:9      | Reached skill level 5 in Earth Magic
 11797 | D:9      | Reached skill level 5 in Poison Magic
 11814 | D:9      | Killed a death yak
 11835 | D:9      | Killed a death yak
 11835 | D:9      | Received a gift from Okawaru
 11851 | D:9      | Killed a death yak
 11851 | D:9      | Reached **** piety under Okawaru
 12007 | D:9      | Received a gift from Okawaru
 12150 | D:9      | Found a runed translucent gate.
 12168 | D:9      | Found a runed translucent gate.
 12168 | D:9      | Found a runed translucent gate.
 12171 | D:9      | Noticed micdi's ghost (novice DECj)
 12351 | D:9      | Noticed Maurice
 12389 | D:9      | Noticed Grum
 12449 | D:9      | Killed Maurice
 12450 | D:9      | HP: 2/86 [Grum (8)]
 12461 | D:9      | Killed Grum
 12567 | D:9      | Found a staircase to the Orcish Mines.
 12575 | D:9      | Received a gift from Okawaru
 12653 | D:9      | Noticed Erica
 12667 | D:9      | Killed Erica
 12897 | D:9      | Reached ***** piety under Okawaru
 12898 | D:9      | Reached XP level 12. HP: 87/93 MP: 22/22
 13055 | D:10     | Entered Level 10 of the Dungeon
 13178 | D:10     | Noticed Maggie
 13191 | D:10     | Killed Maggie
 13225 | D:10     | Learned a level 5 spell: Summon Mana Viper
 13243 | D:10     | Noticed Fannar
 13268 | D:10     | Killed Fannar
 13445 | D:10     | Noticed a two-headed ogre
 13457 | D:10     | Killed a two-headed ogre
 13457 | D:10     | Received a gift from Okawaru
 13458 | D:10     | Reached skill level 11 in Throwing
 13585 | D:10     | Noticed a two-headed ogre
 13598 | D:10     | Killed a two-headed ogre
 13923 | D:10     | Found a runed translucent door.
 13923 | D:10     | Noticed a tengu warrior
 13923 | D:10     | Noticed Tutankhamun's ghost (novice SpBr)
 14085 | D:10     | Learned a level 3 spell: Frozen Ramparts
 14171 | D:11     | Noticed a two-headed ogre
 14179 | D:11     | Killed a two-headed ogre
 14277 | D:11     | Found Hudduor's Antique Armour Boutique.
 14429 | D:11     | Noticed a four-headed hydra
 14436 | D:11     | Killed a four-headed hydra
 14458 | D:11     | Found Vinotad's Assorted Antiques.
 14815 | Lair:1   | Entered Level 1 of the Lair of Beasts
 14865 | Lair:1   | Received a gift from Okawaru
 15316 | Lair:1   | You fall into a shaft and drop 1 floor!
 15896 | Lair:2   | Received a gift from Okawaru
 15959 | Lair:2   | Found a transporter.
 16085 | Lair:2   | Reached XP level 13. HP: 101/101 MP: 24/24
 16615 | Lair:2   | Found a transporter.
 17231 | Lair:3   | Noticed Urug
 17249 | Lair:3   | Killed Urug
 17940 | Lair:3   | Found a hole to the Spider Nest.
 17940 | Lair:3   | Noticed Snorg
 17991 | Lair:3   | Killed Snorg
 18528 | Lair:4   | Received a gift from Okawaru
 18557 | Lair:4   | Found a frozen archway.
 18568 | Lair:4   | Noticed an ice dragon
 18639 | Lair:4   | Killed an ice dragon
 18639 | Lair:4   | Received a gift from Okawaru
 18663 | IceCv    | Entered an ice cave
 19055 | IceCv    | Found an ancient bone altar of Kikubaaqudgha.
 19118 | IceCv    | Reached XP level 14. HP: 66/109 MP: 23/26
 19346 | IceCv    | Reached skill level 10 in Fighting
 19346 | IceCv    | Reached skill level 12 in Throwing
 19346 | IceCv    | Reached skill level 10 in Dodging
 19735 | IceCv    | HP: 5/104 [entropy weaver simulacrum (5)]
 19735 | IceCv    | Mangled by an entropy weaver simulacrum

Illustrated notes

Levels and vault maps discovered:
D:1:      dpeg_arrival_pits, layout_basic, serial_corexii_hall,
          chequers_hall_statues_y, chequers_hall_statues_corner_a,
          corexii_hall_statues_x, corexii_hall_statues_l,
          corexii_hall_statues_deadend, corexii_hall_statues_t,
          minmay_tromino_v4_c
D:2:      layout_basic, uniq_robin
D:3:      layout_rooms, nicolae_uskayaw_en_pointe,
          mainiacjoe_overflow_divided_tiny, mainiacjoe_overflow_alcove_4,
          serial_shops, nicolae_shop_crystal, ebering_ecumenical_altar_ruins,
          kennysheep_generic_room_9
D:4:      layout_basic, serial_shops, kennysheep_mini, nicolae_shop_waterfront,
          shop
D:5:      layout_layer_cave
D:6:      layout_loops_cross, general_overflow_altar, hex_medium
D:7:      layout_loops_corners, mainiacjoe_overflow_catwalk_spiral,
          minmay_temple_entry_poolview, serial_shops, nicolae_shop_behind_doors
D:8:      layout_rooms, mainiacjoe_overflow_six_doors_small,
          kennysheep_little_box, enter_bailey_2, disabler_island, uniq_harold
D:9:      layout_loops_cross, dpeg_lair_monsters, erik_orc_2,
          gammafunk_ghost_necromancy, uniq_maurice, uniq_pikel, uniq_erica,
          uniq_grum
D:10:     layout_loops_ring, ebering_ghost_inner_flame, chequers_arboretum,
          uniq_fannar, uniq_maggie
D:11:     layout_gridville, serial_shops, shop, shop_fountains
Temple:   nicolae_temple_figure_eight
Lair:1:   layout_cave_pods, minmay_holes, serial_bayou_shore_a,
          lemuel_fruit_fields, lemuel_fruit_tree, minmay_lair_oklob_chamber
Lair:2:   gammafunk_boulding_lane, layout_regular_city,
          infiniplex_staircase_pool
Lair:3:   layout_gridlike, dummy_spider_entry, chequers_serial_rivers_small_3,
          uniq_urug, uniq_snorg
Lair:4:   layout_long_grid, elwin_shoals_entry_rooms,
          portal_ice_cave_entry_animals_and_master, grunt_megastairs_3,
          uniq_sonja
IceCv:    ice_cave_small_necro

Skill      XL: |  1  2  3  4  5  6  7  8  9 10 11 12 13 14 |
---------------+-------------------------------------------+-----
Invocations    | 1 2 3 4 5 6 7 8 9 |  9.7
Short Blades   | 1 2 3 4 5 6 7 8 9 |  9.0
Long Blades    | 1 2 3 4 5 6 7 8 9 |  9.0
Axes           | 1 2 3 4 5 6 7 8 9 |  9.0
Maces & Flails | 1 2 3 4 5 6 7 8 9 |  9.0
Polearms       | 1 2 3 4 5 6 7 8 9 |  9.0
Staves         | 1 2 3 4 5 6 7 8 9 |  9.0
Slings         | 1 2 3 4 5 6 7 8 9 |  9.0
Bows           | 1 2 3 4 5 6 7 8 9 |  9.0
Crossbows      | 1 2 3 4 5 6 7 8 9 |  9.0
Armour         | 1 2 3 4 5 6 7 8 9 |  9.0
Shields        | 1 2 3 4 5 6 7 8 9 |  9.0
Unarmed Combat | 1 2 3 4 5 6 7 8 9 |  9.0
Spellcasting   | 1 2 3 4 5 6 7 8 9 |  9.0
Evocations     | 1 2 3 4 5 6 7 8 9 |  9.0
Conjurations   | 1 2 3 4 5 6 7 |  7.4
Hexes          | 1 2 3 4 5 6 7 |  7.4
Summonings     | 1 2 3 4 5 6 7 |  7.4
Necromancy     | 1 2 3 4 5 6 7 |  7.4
Translocations | 1 2 3 4 5 6 7 |  7.4
Transmutations | 1 2 3 4 5 6 7 |  7.4
Fire Magic     | 1 2 3 4 5 6 7 |  7.4
Ice Magic      | 1 2 3 4 5 6 7 |  7.4
Air Magic      | 1 2 3 4 5 6 7 |  7.4
Earth Magic    | 1 2 3 4 5 6 7 |  7.4
Poison Magic   | 1 2 3 4 5 6 7 |  7.4
Stealth        | 3 4 5 6 7 8 9 |  9.3
Fighting       | 5 6 7 8 9 10 | 10.0
Dodging        | 5 6 7 8 9 10 | 10.0
Throwing       | 9 10 11 12 | 12.0

Action                   |  1- 3 |  4- 6 |  7- 9 | 10-12 | 13-15 || total
-------------------------+-------+-------+-------+-------+-------++-------
Melee: Short sword       |   124 |    47 |       |       |       ||   171
       Bite              |     7 |    20 |    40 |   108 |   109 ||   284
       Demon whip        |       |   103 |   252 |   725 |   713 ||  1793
       Punch             |       |       |     4 |       |       ||     4
       Unarmed           |       |       |       |    11 |       ||    11
Throw: Javelin           |     6 |       |     1 |    19 |     7 ||    33
       Throwing net      |     2 |       |       |       |       ||     2
       Stone             |       |    99 |   261 |   161 |   136 ||   657
       Boomerang         |       |       |       |    92 |    35 ||   127
 Cast: Frozen Ramparts   |       |       |       |     1 |     9 ||    10
       Summon Mana Viper |       |       |       |     1 |       ||     1
Invok: Heroism           |       |       |       |     7 |     7 ||    14
       Finesse           |       |       |       |       |     1 ||     1
  Use: Scroll            |       |    14 |     8 |     5 |     2 ||    29
       Potion            |       |       |     1 |     2 |     4 ||     7
 Stab: Sleeping          |       |       |     2 |     1 |     2 ||     5
       Distracted        |       |       |     1 |       |     1 ||     2
       Invisible         |       |       |       |       |     4 ||     4
Armor: Ring mail         |    28 |    53 |   109 |   106 |       ||   296
       Steam dragon scal |       |       |       |    96 |   196 ||   292
Dodge: Dodged            |    65 |    70 |   138 |   374 |   357 ||  1004
Block: Buckler           |       |       |    18 |   159 |   101 ||   278
       Tower shield      |       |       |       |       |   203 ||   203

Table legend: (Time is in decaauts)
 A = Elapsed time spent in this place.
 B = Non-inter-level travel time spent in this place.
 C = Inter-level travel time spent in this place.
 D = Time resting spent in this place.
 E = Time spent auto-exploring this place.
 F = Levels seen in this place.
 G = Mean time per level.
                   A        B        C        D        E       F      G
               +--------+--------+--------+--------+--------+-----+--------+
         Total |  19132 |  17863 |   1269 |    518 |  13253 |  18 | 1062.9 |
       Dungeon |  14269 |  13127 |   1142 |    469 |   9935 |  11 | 1297.2 |
        Temple |    231 |    203 |     28 |      0 |    202 |   1 |  231.0 |
          Lair |   3653 |   3555 |     98 |      0 |   2706 |   4 |  913.2 |
        Bailey |     13 |     13 |      0 |      0 |      0 |   1 |   13.0 |
      Ice Cave |    964 |    964 |      0 |     49 |    410 |   1 |  964.0 |
               +--------+--------+--------+--------+--------+-----+--------+

Top non-repeatable levels by time:
     D:7: 1825 daAuts
     D:1: 1706 daAuts
     D:4: 1571 daAuts
     D:8: 1440 daAuts
     D:9: 1434 daAuts
     D:5: 1380 daAuts
  Lair:2: 1284 daAuts
  Lair:3: 1250 daAuts
     D:6: 1206 daAuts
     D:3: 1182 daAuts
    D:10: 1076 daAuts
  Lair:1: 1005 daAuts
   IceCv: 964 daAuts
     D:2: 830 daAuts
    D:11: 614 daAuts
